AoeStats
← Joaking

Highland

506545314Analyzed
4v4 RM · 18d ago on Sep 14, 2026· 52m 26s· 8 players
Game mode
Random Map
Map size
Large (8 player)
Population
200
Speed
Normal
Resources
Standard
Victory
Conquest
Starting age
Dark Age
Ending age
Imperial Age
RankedLock teamsTeams togetherTeam positionsShared explorationLock speedFull tech treeHidden civsTurbo modeCheats
Victory
Defeat
🇦🇷 Ethiopians · Argentina
1092
+14
🇨🇴 Khmer · Colombia
1085
+14
🇲🇽 Tatars · Mexico
1046
+15
🇧🇷 Franks · Brazil
979
+19
🇵🇪 Bohemians · Peru
1070
-17
🇵🇪 Britons · Peru
1040
-16
🇦🇷 Wu · Argentina
1016
-15
🇨🇱 Franks · Chile
1011
-14
Joaking
12:03 Feudal Age
15:55 Scale Barding Armor
18:37 Forging
21:24 Castle Age
20:41 Loom
21:32 Wheelbarrow
24:50 Chain Barding Armor
26:28 Husbandry
30:50 Iron Casting
35:21 Imperial Age
32:39 Town Watch
33:15 Hand Cart
35:13 Double-Bit Axe
35:29 Cavalier
36:46 Plate Barding Armor
37:12 Blast Furnace
37:20 Paladin
40:19 Chemistry
41:27 Bow Saw
43:37 Masonry
43:48 Ballistics
49:43 Fletching
50:41 Caravan
51:02 Fortified Wall
Sumyil
10:47 Feudal Age
16:42 Castle Age
25:08 Loom
26:19 Pikeman
27:08 Padded Archer Armor
30:57 Yeomen
30:56 Leather Archer Armor
30:31 Fletching
30:49 Squires
30:34 Gambesons
34:24 Ballistics
34:13 Bodkin Arrow
39:59 Imperial Age
38:07 Wheelbarrow
37:18 Town Watch
37:59 Forging
37:49 Scale Mail Armor
42:50 Conscription
44:20 Chemistry
44:18 Bracer
44:48 Ring Archer Armor
44:32 Elite Longbowman
LeandroPaul79
0:32 Loom
10:47 Feudal Age
11:17 Double-Bit Axe
11:13 Horse Collar
11:26 Gold Mining
19:53 Castle Age
18:21 Fishing Lines
21:35 Gold Shaft Mining
22:29 Wheelbarrow
25:07 Hand Cart
25:24 Gillnets
26:35 Pikeman
27:45 Scale Mail Armor
32:29 Imperial Age
29:45 Town Watch
32:24 Medium Warships
33:48 Bow Saw
34:38 Halberdier
35:19 Squires
35:04 Arson
36:47 Chemistry
35:43 Murder Holes
36:00 Masonry
36:00 Clinker Construction
36:11 Ballistics
37:04 Heavy Warships
36:51 Stone Mining
36:46 Treadmill Crane
38:24 Town Patrol
38:39 Caravan
41:19 Two-Man Saw
44:35 Red Cliffs Tactics
46:11 Chain Mail Armor
46:07 Forging
47:18 Heavy Plow
48:37 Padded Archer Armor
50:56 Stone Shaft Mining
50:54 Plate Mail Armor
jochizan
12:03 Feudal Age
11:07 Loom
16:57 Castle Age
15:06 Double-Bit Axe
18:28 Wheelbarrow
18:28 Horse Collar
19:56 Bow Saw
19:52 Squires
20:03 Pikeman
guilhermevcm
10:22 Feudal Age
11:16 Double-Bit Axe
13:07 Scale Barding Armor
21:56 Castle Age
22:50 Forging
27:14 Wheelbarrow
34:12 Imperial Age
32:07 Bow Saw
31:48 Gold Mining
33:26 Husbandry
34:06 Iron Casting
33:51 Chain Barding Armor
34:13 Gold Shaft Mining
36:02 Blast Furnace
34:28 Cavalier
38:25 Paladin
41:35 Plate Barding Armor
41:30 Chivalry
44:04 Scale Mail Armor
47:17 Chemistry
51:53 Light Cavalry
TheWarrior
5:17 Loom
9:43 Feudal Age
13:03 Scale Barding Armor
13:09 Forging
19:28 Bloodlines
19:38 Double-Bit Axe
22:31 Castle Age
24:11 Wheelbarrow
26:30 Bow Saw
26:59 Chain Barding Armor
29:55 Iron Casting
29:16 Horse Collar
31:36 Fletching
35:04 Imperial Age
32:50 Hand Cart
33:04 Hand Cart
32:51 Gold Mining
33:57 Heavy Plow
36:52 Plate Barding Armor
37:18 Blast Furnace
36:14 Bodkin Arrow
37:44 Crop Rotation
36:43 Elite Battle Elephant
39:13 Gold Shaft Mining
39:11 Stone Mining
39:07 Town Watch
40:14 Conscription
41:22 Husbandry
43:48 Stone Shaft Mining
43:14 Town Patrol
42:57 Light Cavalry
44:14 Bracer
43:36 Hussar
47:02 Chemistry
46:23 Ballistics
46:14 Masonry
46:08 Padded Archer Armor
48:09 Murder Holes
carcaage
9:56 Loom
12:32 Feudal Age
16:53 Castle Age
14:52 Horse Collar
15:02 Double-Bit Axe
15:10 Gold Mining
16:54 Forging
18:20 Wheelbarrow
18:25 Bow Saw
25:53 Stone Mining
27:55 Scale Mail Armor
36:58 Iron Casting
38:38 Hand Cart
42:04 Imperial Age
40:47 Chain Mail Armor
41:15 Fletching
41:25 Padded Archer Armor
43:07 Gold Shaft Mining
44:26 Blast Furnace
43:41 Royal Heirs
44:03 Conscription
43:59 Elite Shotel Warrior
44:47 Squires
44:34 Arson
45:14 Bodkin Arrow
46:08 Leather Archer Armor
45:20 Elite Skirmisher
47:22 Capped Ram
Starcrazy360
9:28 Feudal Age
9:58 Double-Bit Axe
17:04 Castle Age
23:15 Ballistics
29:54 Imperial Age
30:22 Wheelbarrow
29:42 Fletching
30:01 Scale Barding Armor
30:06 Forging
29:57 Padded Archer Armor
31:06 Conscription
34:54 Iron Casting
34:40 Chain Barding Armor
34:32 Bloodlines
34:23 Husbandry
34:51 Bodkin Arrow
36:43 Silk Armor
37:01 Elite Keshik
38:22 Plate Barding Armor
38:56 Timurid Siegecraft
40:38 Blast Furnace
39:56 Timurid Siegecraft
46:22 Heavy Cavalry Archer
48:58 Chemistry
48:08 Bracer
48:24 Leather Archer Armor
49:55 Bow Saw
49:28 Horse Collar
51:03 Ring Archer Armor
Connection lost

Rejoining the realm…

Still unreachable

The connection could not be restored.

Session expired

The server has moved on; the page needs a fresh start.